 Dungeon Crawl Stone Soup version 0.31-a0-1447-g87ca8d4 (webtiles) character file.

Game seed: 2985469088770814132

37 samfromsteam the Chopper (level 3, 0/49 HPs)
             Began as a Minotaur Berserker on Dec 27, 2023.
             Was a Follower of Trog.
             Slain by a gnoll
             ... wielding a +0 halberd
              (10 damage)
             ... on level 2 of the Dungeon.
             The game lasted 00:01:40 (486 turns).

samfromsteam the Chopper (Minotaur Berserker)        Turns: 486, Time: 00:01:40

Health: 0/49       AC:  5    Str: 23    XL:     3   Next: 21%
Magic:  2/2        EV: 16    Int:  4    God:    Trog [*.....]
Gold:   11         SH:  0    Dex:  9    Spells: 2/2 levels left

rFire   . . .        a - +0 hand axe
rCold   . . .        (no shield)
rNeg    . . .        h - +0 ring mail
rPois   .            (helmet restricted)
rElec   .            (no cloak)
rCorr   .            (no gloves)
SInv    .            (no boots)
Will    .....        e - amulet of regeneration Stlth
                     g - +5 ring of evasion
HPRegen 1.08/turn    (no ring)
MPRegen 0.08/turn

%: no passive effects
@: berserking, very quick
A: horns 2, retaliatory headbutt
a: Renounce Religion, Berserk


You were on level 2 of the Dungeon.
You worshipped Trog.
Trog was aware of your devotion.
You visited 1 branch of the dungeon, and saw 2 of its levels.

You collected 11 gold pieces.

Inventory:

Hand Weapons
 a - a +0 hand axe (weapon)
Armour
 b - a +0 animal skin
 h - a +0 ring mail (worn)
Jewellery
 e - an amulet of regeneration (around neck)
 g - a +5 ring of evasion (left hand)
Scrolls
 c - a scroll of teleportation {unknown}
 d - a scroll of poison {unknown}
Potions
 f - a potion of attraction {unknown}


   Skills:
 + Level 4.0 Fighting
 + Level 4.1 Axes
 + Level 3.0 Armour
 + Level 2.8 Dodging


You had 2 spell levels left.
You didn't know any spells.
Your spell library was empty.

Dungeon Overview and Level Annotations

Branches:
Dungeon (2/15)

Altars:


Innate Abilities, Weirdness & Mutations

You have a pair of horns on your head.
You reflexively headbutt those who attack you in melee.


Message History

A red film seems to cover your vision as you go berserk!
You feel yourself moving faster!
You feel mighty!
The gnoll hits you with a +0 halberd of protection!
The gnoll barely misses you.
You are too injured to fight recklessly!
You hit the gnoll but do no damage. You headbutt the gnoll.
The gnoll is lightly wounded.
You closely miss the bat. The bat misses you.
The bat hits you but does no damage.
The gnoll hits you with a +0 halberd of protection!
* * * LOW HITPOINT WARNING * * *
The gnoll closely misses you.
A dart slug comes into view.
You completely miss the gnoll.
The gnoll is lightly wounded.
You hit the bat.
You kill the bat!
Trog accepts your kill. The gnoll barely misses you. You furiously retaliate!
You headbutt the gnoll. The gnoll misses you.
Unknown command.
You hit the gnoll.
You kill the gnoll!
Trog accepts your kill.
Your Armour skill increases to level 3!
You have reached level 3!
Your experience leads to an increase in your attributes!
Increase (S)trength, (I)ntelligence, or (D)exterity?
You feel stronger. x2
An ogre comes into view. It is wielding a +0 giant club.
The ogre shouts!
The gnoll misses you. The gnoll hits you with a +0 club.
* * * LOW HITPOINT WARNING * * *
Things that are here:
12 gold pieces; a +0 halberd of protection; a gnoll corpse You slash the gnoll!
You kill the gnoll!
Trog accepts your kill.
You hit the gnoll. The gnoll hits you with a +0 halberd!
You die...

..................
.....##...........
.....#.>##.#.#####
#####..##..#.# ..#
#.###.##.#
#.##..##...#.#
#.##.###...#.#####
#.##.###........†####..#
#.>....#........@)......
....##.#...#.)###g......
.<.........(.....O...w..
....######..............
....# #.....##........
............... ..#.....
................ .......
....####........ ###....
....# .......## .


You could see an ogre, a gnoll and a dart slug.

Vanquished Creatures
  3 gnolls (D:2)
  A ball python (D:2)
  3 bats
  2 endoplasms (D:1)
  A goblin (D:1)
  2 hobgoblins (D:1)
  3 jackals (D:1)
  A frilled lizard (D:1)
  2 rats (D:1)
18 creatures vanquished.

Notes
Turn   | Place    | Note
-------+----------+-------------------------------------------
     0 | D:1      | samfromsteam the Minotaur Berserker began the quest for the
                  | Orb.
     0 | D:1      | Reached XP level 1. HP: 19/19 MP: 0/0
   130 | D:1      | Reached XP level 2. HP: 27/27 MP: 1/1
   485 | D:2      | Reached XP level 3. HP: 10/33 MP: 2/2
   485 | D:2      | Noticed an ogre
   486 | D:2      | Slain by a gnoll

Illustrated notes

Levels and vault maps discovered:
D:1:      dpeg_arrival_leaves_temple_mockup, layout_rooms, solitary_fountain
D:2:      layout_rooms, serial_shops, nicolae_shop_rolling_square,
          nicolae_shop_behind_doors, grunt_ministairs_3

Skill      XL: |  1  2 |
---------------+-------+-----
Fighting       | 4 |  4.0
Axes           | 4 |  4.1
Armour         | 3 |  3.0
Dodging        | |  2.8

Action                     || total
---------------------------++-------
  Melee: Hand axe          ||    29
         Headbutt          ||     7
 Invoke: Berserk           ||     1
 Armour: Animal skin       ||     7
         Ring mail         ||     9
  Dodge: Dodged            ||    25

Table legend: (Time is in decaauts)
 A = Elapsed time spent in this place.
 B = Non-inter-level travel time spent in this place.
 C = Inter-level travel time spent in this place.
 D = Time resting spent in this place.
 E = Time spent auto-exploring this place.
 F = Levels seen in this place.
 G = Mean time per level.
                   A        B        C        D        E       F      G
               +--------+--------+--------+--------+--------+-----+--------+
         Total |    487 |    441 |     46 |      0 |    342 |   2 |  243.5 |
       Dungeon |    487 |    441 |     46 |      0 |    342 |   2 |  243.5 |
               +--------+--------+--------+--------+--------+-----+--------+

Top non-repeatable levels by time:
     D:1: 416 daAuts
     D:2: 70 daAuts
